 Dungeon Crawl Stone Soup version 0.30-a0-605-gb2882149bf (webtiles) character file.

Game seed: 11309990885764972336

12485 porpoise the Cleaver (level 11, -7/84 HPs)
             Began as a Barachi Gladiator on Jan 8, 2023.
             Was a Follower of Uskayaw.
             Mangled by a four-headed hydra (10 damage)
             ... on level 11 of the Dungeon.
             The game lasted 00:41:48 (12489 turns).

porpoise the Cleaver (Barachi Gladiator)           Turns: 12489, Time: 00:41:49

Health: -7/84      AC: 13    Str: 18    XL:     11   Next: 94%
Magic:  18/18      EV: 11    Int:  8    God:    Uskayaw [*.....]
Gold:   505        SH:  5    Dex: 16    Spells: 10/10 levels left

rFire   . . .      SeeInvis .    W - +4 morningstar
rCold   . . .      Faith    .    (no shield)
rNeg    + . .      Spirit   .    X - +2 scale mail {rPois}
rPois   +          Reflect  +    c - +0 helmet
rElec   .          Harm     .    I - scarf {+Inv}
rCorr   +          Rampage  .    v - +0 pair of gloves
Will    .....                    C - +0 pair of boots Stlth
                                 n - amulet of reflection
HPRegen 0.34/turn                Q - ring of positive energy
MPRegen 0.16/turn                E - ring of resist corrosion

@: mighty, slow
A: amphibious, slowness 1, strong legs 1, +LOS
a: Hop, Renounce Religion, Evoke Invisibility, Stomp


You were on level 11 of the Dungeon.
You worshipped Uskayaw.
Uskayaw was aware of your devotion.
You visited 3 branches of the dungeon, and saw 13 of its levels.
You also visited: Sewer.

You collected 505 gold pieces.

Inventory:

Hand Weapons
 a - a +4 spectral battleaxe
 b - a +2 shortbow of draining
 J - a +1 heavy sling
 U - a +0 war axe
 W - a +4 morningstar (weapon)
Missiles
 d - a throwing net (quivered)
 e - a javelin
 r - 5 atropa-tipped darts
 O - 2 curare-tipped darts
Armour
 c - a +0 helmet (worn)
 k - a +0 ring mail of poison resistance
 v - a +0 pair of gloves (worn)
 C - a +0 pair of boots (worn)
 D - an orb of mayhem
 H - the +18 shield of the Gong {rElec rN+ Will+ EV-5}
   (You found it on level 10 of the Dungeon)

   It is deafeningly noisy when blocking attacks.
   EV:        It affects your evasion (-5).
   rElec:     It insulates you from electricity.
   rN:        It protects you from negative energy.
   Will:      It increases your willpower.
 I - a scarf of invisibility (worn)
 S - the +1 ring mail "Nuroenoj" {Dex+3}
   (You found it on level 8 of the Dungeon)

   Dex:       It affects your dexterity (+3).
 X - a +2 scale mail of poison resistance (worn)
 Y - +0 acid dragon scales
 Z - a +0 troll leather armour
Jewellery
 n - an amulet of reflection (around neck)
 E - a ring of resist corrosion (right hand)
 F - a ring of ice
 K - a ring of positive energy
 Q - a ring of positive energy (left hand)
Wands
 w - a wand of flame (8)
 x - a wand of mindburst (7)
 B - a wand of roots (29)
 G - a wand of polymorph (12)
 L - a wand of digging (9)
 T - a wand of paralysis (3)
Scrolls
 f - 2 scrolls of poison
 g - 2 scrolls of amnesia
 i - 2 scrolls of identify
 l - 3 scrolls of fear
 p - 2 scrolls of butterflies
 u - 6 scrolls of enchant weapon
 y - 7 scrolls of teleportation
 A - a scroll of magic mapping
Potions
 h - 2 potions of lignification
 j - 3 potions of mutation
 m - 2 potions of invisibility
 o - 3 potions of haste
 q - 2 potions of brilliance
 s - 2 potions of magic
 t - 2 potions of ambrosia
 z - 3 potions of resistance
 M - 2 potions of might
 N - 2 potions of attraction
 R - a potion of flight
 V - 2 potions of heal wounds
Miscellaneous
 P - a box of beasts (inert)


   Skills:
 - Level 7.0 Fighting
 - Level 14.0 Axes
 - Level 2.0 Throwing
 - Level 7.0 Armour
 - Level 3.6 Dodging
 + Level 10.4 Invocations


You had 10 spell levels left.
You didn't know any spells.
Your spell library contained the following spells:

 Spells                   Type           Power      Damage    Failure   Level
 Summon Small Mammal      Summ           0%         N/A       77%         1
 Blink                    Tloc           0%         N/A       88%         2
 Ensorcelled Hibernation  Hex/Ice        0%         N/A       88%         2
 Momentum Strike          Conj/Tloc      0%         3d8       88%         2
 Call Canine Familiar     Summ           0%         N/A       98%         3
 Ignite Poison            Fire/Tmut/Pois 0%         N/A       98%         3
 Inner Flame              Hex/Fire       0%         N/A       98%         3
 Kindle Blastsparks       Fire/Tloc/Air  0%         2d10      98%         3
 Lesser Beckoning         Tloc           0%         N/A       98%         3
 Spider Form              Tmut/Pois      0%         N/A       98%         3
 Summon Guardian Golem    Hex/Summ       0%         N/A       98%         3
 Anguish                  Hex/Necr       0%         N/A       100%        4
 Cause Fear               Hex            0%         N/A       100%        4
 Freezing Cloud           Conj/Ice/Air   0%         6-21      100%        5
 Discord                  Hex            0%         N/A       100%        8


Dungeon Overview and Level Annotations

Branches:
Dungeon (11/15)            Temple (1/1) D:5            Lair (1/5) D:11
    Orc (0/2) D:11          Sewer (visited)

Altars:
Ashenzari
Cheibriados
Dithmenos
Elyvilon
Fedhas
Gozag
Hepliaklqana
Kikubaaqudgha
Makhleb
Nemelex Xobeh
Okawaru
Qazlal
Ru
Sif Muna
Trog
Uskayaw
Vehumet
Wu Jian
Xom
Yredelemnul
Zin
The Shining One

Shops:
D:6 [


Innate Abilities, Weirdness & Mutations

You are amphibious.
You cover ground slowly.
You can hop short distances.
You have an extended range of vision and can be seen from far away.


Message History

The four-headed hydra is moderately wounded.
The four-headed hydra barely misses you.
The four-headed hydra bites you.
* * * LOW HITPOINT WARNING * * *
The four-headed hydra barely misses you.
The four-headed hydra bites you.
* * * LOW HITPOINT WARNING * * *
The iguana bites you but does no damage.
You feel much better.
The four-headed hydra bites you but does no damage.
The four-headed hydra misses you. The four-headed hydra bites you!
The four-headed hydra barely misses you.
The iguana barely misses you.
You open the lid... ...and a larval oxfire beast leaps out!
The box is emptied!
The four-headed hydra bites you. The four-headed hydra bites you!
* * * LOW HITPOINT WARNING * * *
The four-headed hydra bites you.
* * * LOW HITPOINT WARNING * * *
The four-headed hydra bites you.
* * * LOW HITPOINT WARNING * * *
You block the iguana's attack. You block the iguana's attack.
The iguana attacks as you move away! The iguana bites you.
* * * LOW HITPOINT WARNING * * *
The four-headed hydra closely misses you.
The four-headed hydra bites you but does no damage.
The four-headed hydra bites you.
* * * LOW HITPOINT WARNING * * *
The four-headed hydra bites you but does no damage.
You feel much better. The iguana closely misses you.
Your larval oxfire beast hits the four-headed hydra!
Your larval oxfire beast barely misses the four-headed hydra.
The four-headed hydra bites you!
* * * LOW HITPOINT WARNING * * *
The four-headed hydra bites you!
* * * LOW HITPOINT WARNING * * *
The four-headed hydra bites you.
* * * LOW HITPOINT WARNING * * *
The four-headed hydra bites you!
You die...

.# #.##.......~#### .#
##.............## .#
##........#......# .#
##...[............### ##
#...........#.#.....# #
#......###.###.....####.
#####...†.##....###.........
...........#..†.....^....###
###.#...~.....HD@.......~#
.##.#......#...l.#.......#
..†.......###...###.#....#
##..#.......##.###......##
....#.....#.....#.#....~#
##....#................##
##†#........#..##.....##
...#....~...........###
...#................#


You could see a four-headed hydra (ally target), an iguana and a friendly larval
oxfire beast (summoned).

Vanquished Creatures
  A two-headed ogre (D:11)
  A centaur warrior (D:10)
  A boulder beetle (D:11)
  Amaemon (Lair:1)
  2 vault sentinels (D:10)
  An orange demon (Lair:1)
  An unseen horror (D:10)
  A kobold demonologist (D:9)
  A rime drake (D:11)
  2 trolls
  A polar bear (D:11)
  Grinder (D:5)
  2 shadows
  A wraith (D:10)
  2 vampires
  A wyvern (D:4)
  Grum (D:8)
  A steam dragon (D:9)
  Menkaure (D:5)
  4 acid dragons
  4 wargs (D:11)
  Edmund (D:6)
  4 water moccasins
  Duvessa (D:5)
  2 orc warriors
  A sky beast (D:8)
  5 ice beasts
  2 ogres
  5 wolves
  A phantom (D:6)
  A centaur (D:10)
  5 kobold brigands
  2 bullfrogs
  2 necrophages
  A scorpion (D:4)
  19 wights
  Dowan (D:5)
  9 killer bees
  A howler monkey (D:8)
  2 crimson imps
  2 gnoll boudas
  3 jellies
  An orc priest (D:7)
  3 hounds
  11 orc wizards
  Natasha (thrice) (D:3)
  4 iguanas
  Terence (D:2)
  11 gnolls
  9 adders
  A river rat (Sewer)
  A shadow imp (D:7)
  A white imp (D:5)
  An ufetubus (D:3)
  A worm (D:2)
  2 dart slugs (D:1)
  38 orcs
  6 bats
  7 endoplasms
  5 giant cockroaches
  22 goblins
  7 hobgoblins
  3 jackals (D:1)
  8 quokkas
  16 ball pythons
  4 frilled lizards
  2 goblin skeletons (D:3)
  A goblin zombie (D:3)
  A hobgoblin zombie (D:3)
  24 kobolds
  A kobold skeleton (D:3)
  2 orc skeletons (D:3)
  2 orc zombies (D:3)
  9 rats
309 creatures vanquished.

Vanquished Creatures (others)
  A kobold (D:9)
1 creature vanquished.

Grand Total: 310 creatures vanquished

Notes
Turn   | Place    | Note
-------+----------+-------------------------------------------
     0 | D:1      | porpoise the Barachi Gladiator began the quest for the Orb.
     0 | D:1      | Reached XP level 1. HP: 17/17 MP: 1/1
    53 | D:1      | Reached XP level 2. HP: 23/23 MP: 2/2
   169 | D:1      | Reached skill level 4 in Axes
   246 | D:1      | Reached XP level 3. HP: 29/29 MP: 3/3
   466 | D:1      | Found a faded altar of an unknown god.
  1431 | D:2      | Noticed Terence
  1440 | D:2      | Killed Terence
  1441 | D:2      | Reached XP level 4. HP: 25/36 MP: 4/4
  1539 | D:2      | Reached skill level 5 in Axes
  1966 | D:2      | Identified the +0 robe of the Valley of Death {Stlth+}
  2157 | D:3      | Found a glowing drain.
  2209 | Sewer    | Entered a sewer
  2226 | Sewer    | Noticed a kobold brigand
  2234 | Sewer    | Killed a kobold brigand
  2235 | Sewer    | Reached XP level 5. HP: 33/42 MP: 5/5
  2398 | Sewer    | Reached skill level 6 in Axes
  2512 | Sewer    | Noticed a kobold brigand
  2520 | Sewer    | Killed a kobold brigand
  2521 | Sewer    | Reached XP level 6. HP: 43/49 MP: 6/6
  2771 | D:3      | Noticed Natasha
  2780 | D:3      | Killed Natasha
  2783 | D:3      | Noticed Natasha
  2784 | D:3      | Found a glowing golden altar of the Shining One.
  2795 | D:3      | Reached skill level 5 in Fighting
  2797 | D:3      | Killed Natasha
  2950 | D:3      | Found a glowing silver altar of Zin.
  3041 | D:3      | Noticed Natasha
  3049 | D:3      | Killed Natasha
  3269 | D:3      | Reached skill level 7 in Axes
  3539 | D:4      | Reached XP level 7. HP: 27/56 MP: 7/7
  3703 | D:4      | Found a white marble altar of Elyvilon.
  3809 | D:4      | Noticed a wyvern
  3852 | D:4      | Killed a wyvern
  3853 | D:4      | Reached skill level 8 in Axes
  4181 | D:4      | Found a basalt altar of Yredelemnul.
  4270 | D:4      | Found an opulent altar of Gozag.
  4555 | D:4      | Found an ornate altar of the Wu Jian Council.
  4579 | D:5      | Entered Level 5 of the Dungeon
  4630 | D:5      | Noticed Duvessa
  4630 | D:5      | Noticed Dowan
  4643 | D:5      | Killed Duvessa
  4643 | D:5      | Killed Dowan
  4644 | D:5      | Reached XP level 8. HP: 47/65 MP: 8/8
  4662 | D:5      | Reached skill level 9 in Axes
  4801 | D:5      | Noticed Menkaure
  4811 | D:5      | Killed Menkaure
  5025 | D:5      | Reached skill level 1 in Armour
  5076 | D:5      | Found a burning altar of Makhleb.
  5077 | D:5      | Found a radiant altar of Vehumet.
  5110 | D:5      | Found a staircase to the Ecumenical Temple.
  5122 | Temple   | Entered the Ecumenical Temple
  5170 | Temple   | Became a worshipper of Uskayaw the Reveller
  5192 | D:5      | Reached * piety under Uskayaw
  5194 | D:5      | Reached ** piety under Uskayaw
  5197 | D:5      | Reached skill level 1 in Invocations
  5378 | D:5      | Found a sacrificial altar of Ru.
  5398 | D:5      | Noticed Grinder
  5415 | D:5      | Paralysed by Grinder for 2 turns
  5421 | D:5      | Reached *** piety under Uskayaw
  5424 | D:5      | Killed Grinder
  5618 | D:6      | Noticed Edmund
  5632 | D:6      | Reached skill level 10 in Axes
  5632 | D:6      | Reached XP level 9. HP: 43/68 MP: 10/10
  5639 | D:6      | Killed Edmund
  5794 | D:6      | You fall into a shaft and drop 1 floor!
  6284 | D:6      | Found an iron altar of Okawaru.
  6338 | D:6      | Found Hunwarch's Armour Shoppe.
  6799 | D:7      | Reached skill level 5 in Armour
  6807 | D:7      | Reached **** piety under Uskayaw
  7758 | D:8      | Identified the +1 ring mail "Nuroenoj" {Dex+3}
  7790 | D:8      | Reached skill level 11 in Axes
  7946 | D:8      | Noticed Grum
  7950 | D:8      | Reached XP level 10. HP: 18/79 MP: 13/13
  7951 | D:8      | Reached skill level 5 in Invocations
  7952 | D:8      | Reached ***** piety under Uskayaw
  7961 | D:8      | Reached ****** piety under Uskayaw
  7962 | D:8      | Killed Grum
  8211 | D:8      | Found a shimmering altar of Xom.
  8212 | D:8      | Found a shimmering blue altar of Sif Muna.
  8232 | D:8      | Found a snail-covered altar of Cheibriados.
  9460 | D:9      | Reached skill level 12 in Axes
  9667 | D:9      | Noticed a kobold demonologist
  9682 | D:9      | Noticed an orange demon
  9689 | D:9      | Killed a kobold demonologist
  9884 | D:9      | Found a bloodstained altar of Trog.
 10050 | D:10     | Entered Level 10 of the Dungeon
 10413 | D:10     | Noticed a vault sentinel
 10413 | D:10     | Noticed a vault sentinel
 10429 | D:10     | Killed a vault sentinel
 10430 | D:10     | Reached skill level 13 in Axes
 10430 | D:10     | Reached XP level 11. HP: 53/84 MP: 16/16
 10611 | D:10     | Found the +18 shield of the Gong {rElec rN+ Will+ EV-5}
 10654 | D:10     | Noticed a centaur warrior
 10659 | D:10     | Killed a centaur warrior
 11680 | D:11     | Found a staircase to the Orcish Mines.
 11968 | D:11     | Noticed a two-headed ogre
 11980 | D:11     | Killed a two-headed ogre
 11981 | D:11     | Reached skill level 14 in Axes
 12106 | D:11     | Found a staircase to the Lair.
 12157 | D:11     | Noticed a boulder beetle
 12167 | D:11     | Killed a boulder beetle
 12299 | Lair:1   | Entered Level 1 of the Lair of Beasts
 12299 | Lair:1   | Noticed Amaemon
 12304 | Lair:1   | Killed Amaemon
 12305 | Lair:1   | Reached skill level 10 in Invocations
 12305 | Lair:1   | Noticed a four-headed hydra
 12488 | D:11     | HP: 3/84 [four-headed hydra (2)]
 12489 | D:11     | Mangled by a four-headed hydra

Illustrated notes

Levels and vault maps discovered:
D:1:      scummos_arrival_hexagon, layout_basic,
          nicolae_ecumenical_snake_handling, minmay_nonomino_d4
D:2:      kennysheep_the_goblin_king, layout_basic, serial_bayou_pond_d,
          uniq_terence
D:3:      layout_loops_corners, zin_treasury, nicolae_tso_besieged_by_evil,
          cheibrodos_sewer_entry_drain, nicolae_figureground_sparkle,
          uniq_natasha
D:4:      minmay_chambers_of_fours, layout_loops_ring, kennysheep_ying_yang,
          mainiacjoe_overflow_alcove_4, grunt_gozag_statues
D:5:      layout_cave_pools, grunt_temple_overflow_lords_of_destruction,
          mainiacjoe_overflow_six_doors_small, minmay_temple_entry_crystal_x,
          dk_noncrumbling_3, uniq_grinder, uniq_duvessa, uniq_menkaure
D:6:      layout_basic, mainiacjoe_overflow_alcove_2, serial_shops,
          nicolae_shop_advertising_works [nicolae_subvault_shop_adworks],
          uniq_edmund
D:7:      layout_basic, enter_bailey_3
D:8:      layout_cave_pools, general_overflow_altar,
          mainiacjoe_overflow_divided_tiny, serial_column_ruins,
          column_ruins_open_large, column_ruins_open_tiny, column_ruins_grid_1,
          column_ruins_grid_1, column_ruins_grid_3, chequers_arboretum,
          uniq_grum
D:9:      layout_loops_corners, trog_book, nicolae_fountain_basement
D:10:     layout_gridville, hellmonk_guarded_unrand_gong
D:11:     layout_loops_cross, hellmonk_lair_entry_icy,
          minmay_orc_entry_guard_dogs, nicolae_diode_basic
Temple:   hellmonk_temple_of_storms
Lair:1:   beast_lair_carwin_large_1, layout_regular_city, serial_bayou_shore_a,
          grunt_megastairs_3, lemuel_fruit_tree, uniq_amaemon

Skill      XL: |  1  2  3  4  5  6  7  8  9 10 11 |
---------------+----------------------------------+-----
Axes           | 4 5 6 7 8 10 11 13 14 | 14.0
Fighting       | 3 4 5 6 7 |  7.0
Armour         | 3 6 7 |  7.0
Invocations    | 2 4 7 10 | 10.4
Throwing       | |  2.0
Dodging        | |  3.6

Action                   |  1- 3 |  4- 6 |  7- 9 | 10-12 || total
-------------------------+-------+-------+-------+-------++-------
Melee: War axe           |   104 |   183 |   345 |       ||   632
       Dagger            |    30 |     8 |       |       ||    38
       Punch             |     3 |     4 |     4 |       ||    11
       Battleaxe         |       |       |     8 |   217 ||   225
       Morningstar       |       |       |       |     2 ||     2
 Fire: Sling             |     1 |       |    31 |     1 ||    33
Throw: Javelin           |     1 |       |       |       ||     1
       Throwing net      |       |     2 |     2 |       ||     4
Evoke: Wand              |       |       |     1 |       ||     1
       Box of beasts     |       |       |       |     1 ||     1
  Use: Scroll            |     3 |    14 |     4 |     9 ||    30
       Potion            |       |       |     5 |     4 ||     9
 Stab: Sleeping          |     2 |       |       |       ||     2
       Held in net/web   |       |       |     2 |       ||     2
       Paralysed         |       |       |    18 |    18 ||    36
       Distracted        |       |       |       |     3 ||     3
Armor: Leather armour    |    50 |    12 |       |       ||    62
       Ring mail         |       |    42 |    88 |     9 ||   139
       Scale mail        |       |       |       |   117 ||   117
Dodge: Dodged            |   103 |   107 |   168 |   137 ||   515
Block: Other             |     4 |    44 |    62 |    72 ||   182
       Reflection        |       |     2 |     2 |     2 ||     6

Table legend: (Time is in decaauts)
 A = Elapsed time spent in this place.
 B = Non-inter-level travel time spent in this place.
 C = Inter-level travel time spent in this place.
 D = Time resting spent in this place.
 E = Time spent auto-exploring this place.
 F = Levels seen in this place.
 G = Mean time per level.
                   A        B        C        D        E       F      G
               +--------+--------+--------+--------+--------+-----+--------+
         Total |  14005 |  13545 |    460 |   3755 |   6757 |  14 | 1000.4 |
       Dungeon |  13481 |  13045 |    436 |   3725 |   6697 |  11 | 1225.5 |
        Temple |     82 |     59 |     23 |      0 |     34 |   1 |   82.0 |
          Lair |     16 |     16 |      0 |      0 |      0 |   1 |   16.0 |
         Sewer |    425 |    425 |      0 |     30 |     24 |   1 |  425.0 |
               +--------+--------+--------+--------+--------+-----+--------+

Top non-repeatable levels by time:
    D:10: 1978 daAuts
     D:9: 1678 daAuts
     D:1: 1574 daAuts
     D:4: 1235 daAuts
     D:3: 1219 daAuts
     D:7: 1174 daAuts
     D:6: 1171 daAuts
     D:5: 1036 daAuts
     D:8: 931 daAuts
     D:2: 864 daAuts
    D:11: 616 daAuts
   Sewer: 425 daAuts
  Temple: 82 daAuts
  Lair:1: 16 daAuts
